 Dungeon Crawl Stone Soup version 0.18-a0-1797-gc18daef (webtiles) character file.

2009 M4edhros the Covert (level 9, -3/47 HPs)
             Began as an Octopode Artificer on Apr 23, 2016.
             Was an Initiate of Gozag.
             Slain by an unseen horror (12 damage)
             ... on level 8 of the Dungeon.
             The game lasted 00:08:37 (6458 turns).

M4edhros the Covert (Octopode Artificer)            Turns: 6458, Time: 00:08:37

Health: -3/47      AC:  1    Str: 11    XL:     9   Next: 22%
Magic:  10/10      EV: 18    Int: 14    God:    Gozag
Gold:   277        SH:  0    Dex: 15    Spells: 1 memorised, 7 levels left

rFire  . . .     SeeInvis .     y - +0 short sword (elec)
rCold  . . .     Gourm    .     (no shield)
rNeg   . . .     Faith    .     (helmet restricted)
rPois  .         Spirit   .     (no amulet)
rElec  .         Dismiss  .     L - ring of sustain attributes
rCorr  .         Reflect  .     (no ring)
SustAt +         Harm     .     (no ring)
MR     .....     Clarity  +     (no ring)
Stlth  ++++++....               (no ring)
                                (no ring)
                                (no ring)
                                (no ring)

@: not resistant to hostile enchantments, very stealthy
A: almost no armour, amphibious, 8 rings, constrict 8, camouflage 1, clarity,
frail 1, low mp 1, gelatinous body 1, subdued magic 1
a: Potion Petition, Call Merchant, Bribe Branch, Renounce Religion


You were on level 8 of the Dungeon.
You worshipped Gozag.
Gozag was noncommittal.
You were very hungry.

You visited 2 branches of the dungeon, and saw 9 of its levels.

You collected 1031 gold pieces.
You paid 754 gold pieces to Gozag.

Inventory:

Hand Weapons
 y - a +0 short sword of electrocution (weapon)
 F - a +3 flail of protection
Missiles
 n - 55 sling bullets
 u - 160 stones (quivered)
Magical Staves
 D - an uncursed staff of death
Jewellery
 l - an uncursed ring of ice
 L - a ring of sustain attributes (left tentacle)
Wands
 a - a wand of slowing (25/48)
 b - a wand of flame (12/48)
 c - a wand of enslavement (15/24)
 d - a wand of random effects (9/48)
 M - a wand of iceblast (8/15)
Scrolls
 e - 4 scrolls of recharging {unknown}
 g - 4 scrolls of magic mapping {unknown}
 h - a scroll of immolation {unknown}
 i - a scroll of blinking {unknown}
 j - 2 scrolls of remove curse {unknown}
 k - a scroll of enchant armour {unknown}
 m - 3 scrolls of random uselessness {unknown}
 p - 5 scrolls of teleportation {unknown}
 x - a scroll of fear {unknown}
 B - a scroll of enchant weapon {unknown}
 C - a scroll of fog
 K - a scroll of noise
Potions
 o - 7 potions of flight
 r - 3 potions of curing
 v - 2 potions of resistance
 z - a potion of brilliance
 A - 2 potions of magic
 E - 3 potions of lignification
 G - 2 potions of might
 H - a potion of ambrosia
Books
 I - Sif Muna's Reference Book on Battle Magic
   (You found it on level 5 of the Dungeon)

   Spells                             Type                      Level
   a - Magic Dart                     Conjuration                  1
 J - a book of Beasts

   Spells                             Type                      Level
   a - Summon Butterflies             Summoning                    1
   b - Call Canine Familiar           Summoning                    3
   c - Summon Ice Beast               Ice/Summoning                4
   d - Summon Mana Viper              Hexes/Summoning              5
   e - Summon Hydra                   Summoning                    7
Comestibles
 f - 5 bread rations
 w - 4 beef jerkies


   Skills:
 - Level 1.0 Fighting
 - Level 1.0 Short Blades
 + Level 9.1 Dodging
 - Level 10.9 Stealth
 - Level 3.2 Evocations


You had 7 spell levels left.
You knew the following spells:

 Your Spells              Type           Power        Failure   Level  Hunger
a - Summon Butterflies    Summ           #.......     26%         1    ##.....


Dungeon Overview and Level Annotations

Branches:
Dungeon (8/15)             Temple (1/1) D:4
   Lair: D:8-11

Altars:
Ashenzari
Dithmenos
Gozag
Kikubaaqudgha
Makhleb
Ru
Sif Muna
Xom
Yredelemnul

Shops:
D:7 (=


Innate Abilities, Weirdness & Mutations

You cannot wear most types of armour.
You are amphibious.
You can wear up to eight rings at the same time.
You can use your tentacles to constrict eight enemies at once.
Your skin changes colour to match your surroundings (Stealth).
Your rubbery body absorbs attacks (AC +1).
You possess an exceptional clarity of mind.
You are frail (-10% HP).
Your magical capacity is low (-10% MP).
Your spells are a little easier to cast, but a little less powerful.


Message History

You now have 255 gold pieces (gained 7).
Things that are here:
a falchion; an exploding tomahawk You now have 262 gold pieces (gained 7).
Things that are here:
a dagger; a robe
Things that are here:
a dagger; a robe
Found a scale mail.
Found an escape hatch in the floor.
Found a stone staircase leading down.
You now have 277 gold pieces (gained 15).
Something barely misses you. Something hits you.
Deactivating autopickup; reactivate with Ctrl-A.
Found 30 stones.
You miss something. Something hits you. Something hits you!
You closely miss something. Something hits you!
* * * LOW HITPOINT WARNING * * *
Something hits you!
You die...
Your body crumbles into a pile of gold.

#...[...# #.......#
#...>.#.####
+.....#>...
#.......#######
#..............
###.....########.#
#(###.......<......#
#...@.....##)########
#.........##.........
#.........##.........
#.........##.........
#.........##.....)...
#.........##.........
#.........''.).......
##........##..)......
... ##########


There were no monsters in sight!

Vanquished Creatures
  Edmund (D:5)
  A water moccasin (D:6)
  A sky beast (D:6)
  A necrophage (D:6)
  A phantom (D:6)
  A wasp (D:6)
  2 ogres
  A big kobold (D:7)
  2 giant frogs
  2 scorpions
  A howler monkey (D:8)
  4 crimson imps
  3 hounds
  A giant frog skeleton (D:6)
  A jelly (D:8)
  An orc priest (D:7)
  2 centaur skeletons (D:4)
  An iguana (D:4)
  6 orc wizards
  6 worker ants
  A killer bee zombie (D:7)
  A hound skeleton (D:4)
  2 worker ant zombies
  2 adders
  2 shadow imps (D:5)
  An ooze (D:1)
  An adder skeleton (D:6)
  2 worms
  9 dart slugs
  2 giant geckos
  23 orcs
  3 giant cockroaches
  3 goblins
  4 hobgoblins
  10 jackals
  17 kobolds
  2 quokkas
  4 ball pythons
  13 bats
  A giant cockroach zombie (D:5)
  A giant gecko skeleton (D:5)
  7 giant newts
  A quokka skeleton (D:7)
  A quokka zombie (D:7)
  8 rats
160 creatures vanquished.

Vanquished Creatures (others)
  A jackal (D:8)
1 creature vanquished.

Grand Total: 161 creatures vanquished

Notes
Turn   | Place    | Note
--------------------------------------------------------------
     0 | D:1      | M4edhros the Octopode Artificer began the quest for the Orb.
     0 | D:1      | Reached XP level 1. HP: 13/13 MP: 3/3
     2 | D:1      | Noticed a demonspawn
     2 | D:1      | Noticed a ghoul
     4 | D:1      | Noticed an octopode
     4 | D:1      | Noticed a formicid
     6 | D:1      | Noticed a troll
     6 | D:1      | Noticed a tengu
     8 | D:1      | Noticed a naga
     8 | D:1      | Noticed a demigod
    10 | D:1      | Noticed a centaur
    12 | D:1      | Noticed a halfling
    14 | D:1      | Noticed a vampire
    14 | D:1      | Noticed a vine stalker
    16 | D:1      | Noticed a draconian
    18 | D:1      | Noticed a minotaur
    18 | D:1      | Noticed a felid
    20 | D:1      | Noticed a merfolk
    20 | D:1      | Noticed a spriggan
    22 | D:1      | Noticed a human
    22 | D:1      | Noticed an ogre
    24 | D:1      | Noticed a dwarf
    24 | D:1      | Noticed an elf
    26 | D:1      | Noticed a gargoyle
    42 | D:1      | Reached skill level 2 in Stealth
   105 | D:1      | Reached skill level 3 in Stealth
   105 | D:1      | Reached XP level 2. HP: 9/18 MP: 4/4
   523 | D:1      | Reached skill level 4 in Stealth
   557 | D:1      | Reached XP level 3. HP: 20/23 MP: 5/5
  1053 | D:2      | Reached skill level 5 in Stealth
  1104 | D:3      | Reached XP level 4. HP: 25/28 MP: 6/6
  1380 | D:4      | Noticed an ogre
  1391 | D:4      | Killed an ogre
  1391 | D:4      | Reached skill level 7 in Stealth
  1391 | D:4      | Reached XP level 5. HP: 26/33 MP: 7/7
  1448 | D:4      | Found an opulent altar of Gozag.
  1457 | D:4      | Became a worshipper of Gozag Ym Sagoz the Greedy
  1575 | D:4      | Reached skill level 8 in Stealth
  1621 | D:4      | Reached XP level 6. HP: 16/38 MP: 8/8
  2660 | D:4      | Reached skill level 9 in Stealth
  2806 | D:4      | Found a shadowy altar of Dithmenos.
  2837 | D:4      | Found a staircase to the Ecumenical Temple.
  2848 | D:4      | Noticed a phantom
  2861 | Temple   | Entered the Ecumenical Temple
  3077 | D:5      | Entered Level 5 of the Dungeon
  3089 | D:5      | Noticed Edmund
  3102 | D:5      | Killed Edmund
  3102 | D:5      | Reached skill level 10 in Stealth
  3102 | D:5      | Reached XP level 7. HP: 14/43 MP: 9/9
  3431 | D:5      | Found a basalt altar of Yredelemnul.
  3645 | D:5      | Found a burning altar of Makhleb.
  3680 | D:5      | Found a deep blue altar of Sif Muna.
  3701 | D:5      | Identified Sif Muna's Reference Book on Battle Magic
  3904 | D:5      | Found a shattered altar of Ashenzari.
  4026 | D:6      | Learned a level 1 spell: Summon Butterflies
  4364 | D:6      | Reached XP level 8. HP: 48/48 MP: 10/10
  4382 | D:6      | Reached skill level 5 in Dodging
  4791 | D:6      | Found a shimmering altar of Xom.
  4964 | D:6      | Gained mutation: Your magical capacity is low (-10% MP). [potion of mutation]
  4964 | D:6      | Gained mutation: You are agile. (Dex +2) [potion of mutation]
  4964 | D:6      | Gained mutation: Your spells are a little easier to cast, but a little less powerful. [potion of mutation]
  4965 | D:6      | Gained mutation: You are frail (-10% HP). [potion of mutation]
  4965 | D:6      | Gained mutation: You possess an exceptional clarity of mind. [potion of mutation]
  4965 | D:6      | Lost mutation: You are agile. (Dex +2) [potion of mutation]
  5453 | D:7      | Found Foemavop's Jewellery Emporium.
  5472 | D:7      | Found a sacrificial altar of Ru.
  5533 | D:7      | Found an ancient bone altar of Kikubaaqudgha.
  5814 | D:7      | Reached XP level 9. HP: 47/47 MP: 10/10
  6458 | D:8      | Slain by an unseen horror

Vault maps used:
D:1:      kb_arrival_jail, minmay_crystal_water
D:3:      first_bread
D:4:      lemuel_round_altar, temple_fountains,
          nicolae_gozag_cash_rules_everything_around_me
D:5:      led_sif_book, kennysheep_mini_moat, lemuel_doored_altar,
          hangedman_decor_slide_cut, lemuel_statue_altar, uniq_edmund
D:6:      kennysheep_six_static_rooms, tgw_xom
D:7:      nicolae_ru_awakened_eye, nicolae_overflow_crystal_walls, serial_shops,
          shop
D:8:      grunt_temple_overflow_cloverleaf, cheibrodos_worm_habitat,
          kennysheep_okawaru_gauntlet, serial_shops, shop_statue
Temple:   nicolae_temple_hex_pool_5

Skill      XL: |  1  2  3  4  5  6  7  8  9 |
---------------+----------------------------+-----
Stealth        | 3 4 5 7 8 10 | 10.9
Dodging        | 4 8 9 |  9.1
Fighting       | |  1.0
Short Blades   | |  1.0
Evocations     | |  3.2

Action                   |  1- 3 |  4- 6 |  7- 9 || total
-------------------------+-------+-------+-------++-------
Melee: Short sword       |    68 |    99 |   166 ||   333
       Constrict         |    17 |    17 |    36 ||    70
       Tentacles         |     8 |    17 |    32 ||    57
Invok: Call Merchant     |       |       |     1 ||     1
Evoke: Wand              |       |     5 |     4 ||     9
  Use: Potion            |     2 |       |     4 ||     6
       Scroll            |       |       |     9 ||     9
 Stab: Sleeping          |    12 |    17 |    25 ||    54
       Paralysed         |       |     3 |       ||     3
       Distracted        |       |       |     2 ||     2
  Eat: Chunk             |       |     1 |       ||     1
       Meat ration       |       |     1 |     2 ||     3
Armor: Skin              |    16 |     5 |     4 ||    25
Dodge: Dodged            |    30 |    42 |    95 ||   167
